 Dungeon Crawl Stone Soup version 0.29.0-4-gdea44cf6ec (webtiles) character file.

Game seed: 15901265588232765246

30 qw the Chopper (level 3, -4/21 HPs)
             Began as a Tengu Warper on Aug 28, 2022.
             Slain by Sigmund
             ... wielding a +0 scythe
              (6 damage)
             ... on level 2 of the Dungeon.
             The game lasted 00:00:06 (1402 turns).

qw the Chopper (Tengu Warper)                       Turns: 1402, Time: 00:00:06

Health: -4/21      AC:  5    Str: 13    XL:     3   Next: 18%
Magic:  7/7        EV: 11    Int: 13    God:
Gold:   67         SH:  0    Dex: 13    Spells: 6/6 levels left

rFire   . . .      SeeInvis .   Y - +0 hand axe
rCold   . . .      Faith    .   (no shield)
rNeg    . . .      Spirit   .   i - +0 ring mail
rPois   .          Reflect  .   (helmet restricted)
rElec   .          Harm     .   (no cloak)
rCorr   .          Rampage  .   (no gloves)
Will    .....                   (boots unavailable)
Stlth   ..........              (no amulet)
HPRegen 0.07/turn               (no ring)
MPRegen 0.10/turn               (no ring)

@: confused
A: beak, talons 3
a: no special abilities


You were on level 2 of the Dungeon.
You visited 1 branch of the dungeon, and saw 2 of its levels.

You collected 67 gold pieces.


Innate Abilities, Weirdness & Mutations

You have a beak for a mouth.
You have claws for feet.


   Skills:
 - Level 2.0 Fighting
 + Level 3.9 Axes
 - Level 1.0 Throwing
 - Level 1.1 Armour
 - Level 2.1 Dodging
 - Level 2.0 Spellcasting
 - Level 2.4 Translocations


You had 6 spell levels left.
You didn't know any spells.
Your spell library contained the following spells:

 Spells                   Type           Power      Damage    Failure   Level
 Blink                    Tloc           14%        N/A       30%         2
 Gell's Gravitas          Tloc           7%         N/A       52%         3
 Lesser Beckoning         Tloc           7%         N/A       52%         3
 Teleport Other           Tloc           7%         N/A       52%         3
 Manifold Assault         Tloc           7%         N/A       99%         5

Inventory:

Hand Weapons
 f - a +0 whip
 Y - a +0 hand axe (weapon)
Armour
 i - a +0 ring mail (worn)
Potions
 j - a potion of heal wounds {unknown}
 k - a potion of mutation {unknown}

Dungeon Overview and Level Annotations

Branches:
Dungeon (2/15)

Altars:

Annotations:
D:2 Sigmund


Message History

There is a stone staircase leading up here.
There is a stone staircase leading up here.
There is a stone staircase leading down here.
You open the door.
There is an open door here.
You open the door.
Sigmund the Dreaded comes into view.
He is wielding a +0 scythe.
Sigmund shouts!
Sigmund gestures at you while chanting. The puff of flame misses you.
Enter note:
There is an open door here.
Sigmund mumbles some strange words.
Sigmund flickers and vanishes!
Deactivating autopickup; reactivate with Ctrl-A.
A bat comes into view.
You hit something but do no damage. Something hits you but does no damage.
You miss something. Your peck misses something. Something hits you.
You closely miss something. You claw something.
A goblin comes into view. It is wielding a +0 dagger.
Something hits you!
You miss something. You peck something. You hit something but do no damage.
Your peck misses something. Something hits you but does no damage.
You miss something. Your peck misses something.
You hear some strange, mumbled words.
You are confused.
You bump into the rock wall.
Something hits you.
You bump into the rock wall.
You're too confused to attack without stumbling around!
There is a strange disturbance nearby!
Something hits you but does no damage.
You bump into the rock wall.
Something hits you.
You hit something. Your peck misses something. Something hits you.
You die... #.# ###.## ...... .... #... gb#

#{# #@# ##'## ##...##
# ### ##.....##
#.##.## ##.......#
#.#...####.........#
#........'.........+
###.#...####.........#
.......## ##.......##


You could see a goblin and a bat.

Vanquished Creatures
  A worm (D:2)
  A dart slug (D:1)
  3 ball pythons (D:1)
  2 bats (D:1)
  3 endoplasms (D:1)
  2 goblins (D:1)
  3 hobgoblins (D:1)
  3 kobolds (D:1)
  A quokka (D:1)
  A frilled lizard (D:1)
  A rat (D:1)
21 creatures vanquished.

Notes
Turn   | Place    | Note
-------+----------+-------------------------------------------
     0 | D:1      | qw the Tengu Warper began the quest for the Orb.
     0 | D:1      | Reached XP level 1. HP: 12/12 MP: 4/4
     0 | D:1      | 0 ||| qw: Version: 0.1-a-89-g26bdef1
     0 | D:1      | 0 ||| qw: Game counter: 2680
     0 | D:1      | 0 ||| qw: Always use a shield: true
     0 | D:1      | 0 ||| qw: God list: Okawaru
     0 | D:1      | 0 ||| qw: Allow faded altars: false
     0 | D:1      | 0 ||| qw: Do Orc after D:15 true
     0 | D:1      | 0 ||| qw: Do second Lair branch before Depths: true
     0 | D:1      | 0 ||| qw: Lair rune preference: random
     0 | D:1      | 0 ||| qw: Plans: Normal
     0 | D:1      | 0 ||| PLANNING D:1-11
   113 | D:1      | HP: 3/12 [quokka (4)]
   116 | D:1      | Reached XP level 2. HP: 5/17 MP: 6/6
   421 | D:1      | Reached skill level 3 in Axes
   961 | D:1      | Reached XP level 3. HP: 21/21 MP: 7/7
  1236 | D:1      | 1236 ||| UPGRADING to +0 ring mail.
  1246 | D:1      | 1246 ||| DROPPING +0 leather armour.
  1247 | D:1      | 1247 ||| DROPPING +6 ring of intelligence.
  1248 | D:1      | 1248 ||| READING scroll labelled SOAM VACKIRAOMN.
  1251 | D:1      | 1251 ||| READING scroll labelled SOAP WUWKEMM.
  1252 | D:1      | 1252 ||| READING scroll labelled PUSARI SOIVIE.
  1253 | D:1      | 1253 ||| DROPPING scroll of blinking.
  1288 | D:2      | 1288 ||| STAIRDANCE
  1389 | D:2      | Noticed Sigmund
  1401 | D:2      | HP: 2/21 [something (5)]
  1402 | D:2      | Slain by Sigmund

Levels and vault maps discovered:
D:1:      dpeg_arrival_round_b, layout_basic
D:2:      layout_loops_corners, basic_altar,
          shapermc_ecumenical_altar_flowoftime, uniq_sigmund

Skill      XL: |  1  2 |
---------------+-------+-----
Axes           | 3 |  3.9
Fighting       | |  2.0
Throwing       | |  1.0
Armour         | |  1.1
Dodging        | |  2.1
Spellcasting   | |  2.0
Translocations | |  2.4

Action                   || total
-------------------------++-------
Melee: Hand axe          ||    52
       Kick              ||     8
       Peck              ||     5
       Punch             ||     2
Throw: Boomerang         ||     7
  Use: Scroll            ||     3
Armor: Leather armour    ||     6
       Ring mail         ||     3
Dodge: Dodged            ||    17

Table legend:
 A = Non-vault XP
 B = Vault XP
 C = Vault XP percentage of total XP
 D = Non-vault monster count
 E = Vault monster count
 F = Vault count percentage of total count
                 A         B        C        D         E       F
            +---------+---------+-------+---------+---------+-------
      Total |      43 |       0 |   0.0 |      21 |       0 |   0.0
            +---------+---------+-------+---------+---------+-------
        D:1 |      38 |       0 |   0.0 |      20 |       0 |   0.0
        D:2 |       5 |       0 |   0.0 |       1 |       0 |   0.0
            +---------+---------+-------+---------+---------+-------
